 Dungeon Crawl Stone Soup version 0.25-a0-578-gc91f01c39c (webtiles) character file.

Game seed: 9311725297713313592, levelgen mode: deterministic

235 ReteAZ the Spear-Bearer (level 6, -2/44 HPs)
             Began as a Merfolk Gladiator on Mar 7, 2020.
             Was an Initiate of Ashenzari.
             Killed from afar by an orc wizard (8 damage)
             ... with a magic dart
             ... on level 3 of the Dungeon.
             The game lasted 00:06:43 (3751 turns).

ReteAZ the Spear-Bearer (Merfolk Gladiator)         Turns: 3751, Time: 00:06:44

Health: -2/44      AC:  5    Str: 14    XL:     6   Next: 5%
Magic:  6/6        EV: 14    Int: 10    God:    Ashenzari [......]
Gold:   130        SH:  0    Dex: 15    Spells: 5/5 levels left

rFire    . . .     SeeInvis .   a - +0 trident
rCold    . . .     Gourm    .   (no shield)
rNeg     . . .     Faith    .   b - +0 leather armour
rPois    .         Spirit   .   c - +0 helmet (curse)
rElec    .         Reflect  .   l - +0 cloak (curse)
rCorr    .         Harm     .   (no gloves)
MR       .....                  (no boots)
Stlth    +.........             (no amulet)
HPRegen  0.14/turn              (no ring)
MPRegen  0.10/turn              (no ring)

@: lethally poisoned (-2 -> -30), slowed, very slow
A: change form in water, swift swim, stealthy swim
a: Curse Item, Renounce Religion


You were on level 3 of the Dungeon.
You worshipped Ashenzari.
Ashenzari was noncommittal.
You were not hungry.

You visited 1 branch of the dungeon, and saw 3 of its levels.

You collected 130 gold pieces.

Inventory:

Hand Weapons
 a - a +0 trident (weapon)
Missiles
 d - 2 throwing nets
 o - 11 poisoned darts (quivered)
Armour
 b - a +0 leather armour (worn)
 c - a cursed +0 helmet (worn)
 l - a cursed +0 cloak (worn)
Jewellery
 n - an uncursed ring of wizardry
Scrolls
 e - a scroll of teleportation {unknown}
 h - 4 scrolls of identify {unknown}
 i - a scroll of immolation {unknown}
 k - a scroll of amnesia {unknown}
 m - a scroll of remove curse
Potions
 j - a potion of lignification {unknown}
Comestibles
 f - 6 rations
 g - 5 chunks of flesh


   Skills:
 - Level 2.1 Fighting
 + Level 9.4 Polearms
 - Level 2.0 Throwing
 - Level 4.0 Dodging


You had 5 spell levels left.
You didn't know any spells.
Your spell library was empty.

Dungeon Overview and Level Annotations

Branches:
Dungeon (3/15)

Altars:
Ashenzari
Dithmenos

Annotations:
D:2 Sigmund


Message History

The orc wizard hits you but does no damage.
You are more poisoned.
Throwing (i - inventory. (/) - cycle)
o - 12 poisoned darts (quivered)
Press: ? - help, Shift-Dir - straight line, f/p - orc wizard
Aim: an orc wizard, wielding a +0 dagger of venom and wearing a +0 robe (heavily wounded, fast)
You throw a poisoned dart.
The poisoned dart barely misses the orc wizard.
* * * LOW HITPOINT WARNING * * *
You feel very sick. The orc wizard closely misses you.
The orc wizard hits you but does no damage.
You hit the orc wizard.
The orc wizard is severely wounded.
* * * LOW HITPOINT WARNING * * *
You feel very sick.
The orc wizard gestures at you while chanting.
You feel as though you will be slow longer.
The orc wizard gestures at you while chanting.
The magic dart hits you!
You die...

.........÷)......###..###........
##......##.............##........
....###........#.................
.##.# ####.......................
..#.######.......................
.................###.............
.##..####.........>...#....#.#.#.
####..##.........o...........#.##
##.#....<....@###..####.....##
#............# #..###...>...
###..........# #.÷.....####.
#..........# #...###.#
#..........####...###.#
###.........#..###.....#
##................##.#..#####
#####..............##..##†..$lo..
......[...........##....#........


You could see an orc wizard.

Vanquished Creatures
  An orc wizard (D:3)
  7 gnolls
  8 adders
  An ooze (D:2)
  2 dart slugs
  A leopard gecko (D:1)
  An orc (D:3)
  A giant cockroach (D:3)
  6 goblins
  9 hobgoblins
  4 jackals
  A quokka (D:2)
  A ball python (D:3)
  6 bats
  2 frilled lizards
  8 kobolds
  8 rats
67 creatures vanquished.

Notes
Turn   | Place    | Note
-------+----------+-------------------------------------------
     0 | D:1      | ReteAZ the Merfolk Gladiator began the quest for the Orb.
     0 | D:1      | Reached XP level 1. HP: 16/16 MP: 1/1
   237 | D:1      | Reached skill level 5 in Polearms
   404 | D:1      | Reached XP level 2. HP: 22/22 MP: 2/2
  1121 | D:2      | Reached skill level 6 in Polearms
  1121 | D:2      | Reached XP level 3. HP: 26/27 MP: 3/3
  1235 | D:1      | Reached skill level 7 in Polearms
  1235 | D:1      | Reached XP level 4. HP: 7/33 MP: 4/4
  1564 | D:2      | Noticed Sigmund
  2478 | D:2      | Found a shattered altar of Ashenzari.
  2513 | D:2      | Reached skill level 8 in Polearms
  2513 | D:2      | Reached XP level 5. HP: 38/38 MP: 5/5
  2555 | D:2      | Became a worshipper of Ashenzari the Shackled
  3359 | D:3      | Found a shadowy altar of Dithmenos.
  3384 | D:3      | Reached skill level 9 in Polearms
  3703 | D:3      | Reached XP level 6. HP: 44/44 MP: 6/6
  3751 | D:3      | Killed from afar by an orc wizard

Levels and vault maps discovered:
D:1:      minmay_arrival_split_and_join, layout_basic, minmay_pentomino_t4
D:2:      layout_loops_ring, nicolae_ashenzari_panopticon, first_ration,
          uniq_sigmund
D:3:      layout_rooms, nicolae_dithmenos_through_a_glass_darkly

Skill      XL: |  1  2  3  4  5 |
---------------+----------------+-----
Polearms       | 5 6 7 8 9 |  9.4
Fighting       | |  2.1
Throwing       | |  2.0
Dodging        | |  4.0

Action                   |  1- 3 |  4- 6 || total
-------------------------+-------+-------++-------
Melee: Trident           |    86 |   163 ||   249
Throw: Throwing net      |       |     1 ||     1
       Dart              |       |     2 ||     2
Invok: Curse Item        |       |     2 ||     2
 Stab: Distracted        |       |     1 ||     1
  Eat: Chunk             |     1 |     8 ||     9
Armor: Leather armour    |    25 |    27 ||    52
Dodge: Dodged            |    66 |    85 ||   151

Table legend:
 A = Non-vault XP
 B = Vault XP
 C = Vault XP percentage of total XP
 D = Non-vault monster count
 E = Vault monster count
 F = Vault count percentage of total count
                 A         B        C        D         E       F
            +---------+---------+-------+---------+---------+-------
      Total |     326 |      10 |   3.0 |      63 |       4 |   6.0
            +---------+---------+-------+---------+---------+-------
        D:1 |      67 |      10 |  13.0 |      17 |       4 |  19.0
        D:2 |     175 |       0 |   0.0 |      29 |       0 |   0.0
        D:3 |      84 |       0 |   0.0 |      17 |       0 |   0.0
            +---------+---------+-------+---------+---------+-------
